 Dungeon Crawl Stone Soup version 0.18.1-48-g4cf74bf (webtiles) character file.

409 Heedrag the Grave Robber (level 6, -2/41 HPs)
             Began as a Demonspawn Necromancer on Aug 1, 2016.
             Slain by a quasit (3 damage)
             ... on level 3 of the Dungeon.
             The game lasted 00:14:08 (5155 turns).

Heedrag the Grave Robber (Demonspawn Necromancer)   Turns: 5155, Time: 00:14:09

Health: -2/41      AC:  8    Str:  8    XL:     6   Next: 58%
Magic:  11/11      EV:  2    Int: 18    God:
Gold:   140        SH:  0    Dex: -8 (14) Spells: 3 memorised, 5 levels left

rFire  . . .     SeeInvis .     h - -2 dagger (curse)
rCold  . . .     Gourm    .     a - +0 robe
rNeg   . . .     Faith    .     (no shield)
rPois  .         Spirit   .     (helmet restricted)
rElec  .         Dismiss  .     y - +0 cloak
rCorr  .         Reflect  .     (no gloves)
SustAt .         Harm     .     (no boots)
MR     .....                    (no amulet)
Stlth  ..........               q - +5 ring of protection
                                x - ring of stealth

@: very slightly contaminated, hasted and slowed, lost dexterity, not resistant
to hostile enchantments, extremely unstealthy
A: antennae 2, claws 1, demonic guardian 1
a: no special abilities


You were on level 3 of the Dungeon.
You were very hungry.

You visited 1 branch of the dungeon, and saw 5 of its levels.
You also visited: Sewer.

You collected 140 gold pieces.

Inventory:

Hand Weapons
 h - a cursed -2 dagger (weapon)
Armour
 a - a +0 robe (worn)
 r - a +0 pair of gloves
 y - a +0 cloak (worn)
Jewellery
 k - an uncursed ring of resist corrosion
 q - a +5 ring of protection (right claw)
 x - a ring of stealth (left claw)
 A - an uncursed ring of protection from cold {unknown}
Scrolls
 e - 3 scrolls of identify {unknown}
 j - 5 scrolls of teleportation {unknown}
 n - a scroll of magic mapping {unknown}
 o - a scroll of fear {unknown}
 p - 3 scrolls of remove curse {unknown}
 z - a scroll of amnesia {unknown}
 B - a scroll of recharging {unknown}
Potions
 d - a potion of haste
 i - a potion of agility {unknown}
 l - 4 potions of heal wounds {unknown}
 t - 2 potions of flight {unknown}
 u - a potion of curing {unknown}
 v - a potion of lignification {unknown}
 C - a potion of brilliance {unknown}
Books
 b - a book of Necromancy

   Spells                             Type                      Level
   a - Pain                           Necromancy                   1
   b - Animate Skeleton               Necromancy                   1
   c - Vampiric Draining              Necromancy                   3
   d - Regeneration                   Charms/Necromancy            3
   e - Animate Dead                   Necromancy                   4
   f - Control Undead                 Necromancy                   4
Comestibles
 c - 4 bread rations
 f - a slice of pizza
 g - 3 beef jerkies
 m - 3 fruits
 s - 3 meat rations


   Skills:
 + Level 2.4 Dodging
 - Level 1.9 Stealth
 + Level 3.8 Spellcasting
 + Level 0.3 Charms
 * Level 7.3 Necromancy


You had 5 spell levels left.
You knew the following spells:

 Your Spells              Type           Power        Failure   Level  Hunger
a - Pain                  Necr           ####         1%          1    None
b - Vampiric Draining     Necr           ####......   2%          3    ###....
c - Regeneration          Chrm/Necr      ###.......   12%         3    ###....


Dungeon Overview and Level Annotations

Branches:
Dungeon (5/15)
 Temple: D:4-7

Altars:
Makhleb
Nemelex Xobeh
Xom
The Shining One


Innate Abilities, Weirdness & Mutations

You have a pair of antennae on your head.
You have sharp fingernails.
A weak demonic guardian rushes to your aid.


Message History

Tha quasit bites ye but does nay damage.
Tha quasit claws ye.
* * * LOW HITPOINT WARNIN'
* * * Tha quasit claws ye but does nay damage.
Ye be feelin' very hungry.
Ye closely miss tha quasit.
Tha quasit be moderately wounded.
Tha quasit bites ye but does nay damage.
Tha quasit claws ye but does nay damage. x2
Tha quasit bites ye but does nay damage.
Tha quasit claws ye but does nay damage. x2
Ye miss tha quasit.
Tha quasit be moderately wounded.
Yer 'stra speed be startin' ta run out.
Tha quasit bites ye but does nay damage.
Tha quasit claws ye but does nay damage. x2
Ye miss tha quasit.
Tha quasit be moderately wounded.
Tha quasit bites ye.
Ye die...

#.# #.# #.######### #.#
#.........#############.##
#.#######.................
#.# ###############)## #.#
#.# #.# ### #.#
#.############.########.#
#.......5@).....#....(..##
##############.##.###.....
#.##.# #.#### #.##.# #.#
#.##.###.### #.##.....#.##
#.#######.#.#
#........###. #######.##
##


You could see a quasit.

Vanquished Creatures
  A big kobold (Sewer)
  An orc priest (D:4)
  An iguana (D:4)
  2 worker ants (D:4)
  Robin (D:3)
  5 adders
  An ooze (D:2)
  A worm (D:2)
  3 dart slugs
  A giant gecko (D:2)
  8 orcs (D:4)
  6 bats
  5 giant cockroaches
  17 goblins
  12 hobgoblins
  6 jackals
  4 quokkas
  A ball python (D:2)
  7 giant newts
  11 kobolds
  11 rats
105 creatures vanquished.

Vanquished Creatures (collateral kills)
  An ogre (D:3)
1 creature vanquished.

Grand Total: 106 creatures vanquished

Notes
Turn   | Place    | Note
--------------------------------------------------------------
     0 | D:1      | Heedrag the Demonspawn Necromancer began the quest for the Orb.
     0 | D:1      | Reached XP level 1. HP: 13/13 MP: 3/3
   363 | D:1      | Gained mutation: You have a pair of small antennae on your head. [demonic ancestry]
   363 | D:1      | Reached XP level 2. HP: 16/19 MP: 0/5
   978 | D:1      | Reached skill level 5 in Necromancy
  1157 | D:2      | Gained mutation: A weak demonic guardian rushes to your aid. [demonic ancestry]
  1157 | D:2      | Reached XP level 3. HP: 24/24 MP: 4/6
  1265 | D:2      | Found a shimmering altar of Xom.
  1305 | D:2      | Learned a level 3 spell: Vampiric Draining
  1777 | D:2      | Gained mutation: You have sharp fingernails. [demonic ancestry]
  1777 | D:2      | Reached XP level 4. HP: 28/30 MP: 5/8
  1858 | D:2      | Found a glowing golden altar of the Shining One.
  2139 | D:3      | Noticed an ogre
  2155 | D:3      | Killed an ogre
  2155 | D:3      | Reached skill level 6 in Necromancy
  2347 | D:3      | Found a sparkling altar of Nemelex Xobeh.
  2350 | D:3      | Reached XP level 5. HP: 28/35 MP: 6/9
  2452 | D:3      | Found a glowing drain.
  2542 | Sewer    | Entered a sewer
  3028 | Sewer    | Found a glowing silver altar of Zin.
  3189 | D:3      | Noticed Robin
  3221 | D:3      | Killed Robin
  3242 | D:2      | Gained mutation: You have a pair of antennae on your head. [demonic ancestry]
  3242 | D:2      | Reached XP level 6. HP: 22/41 MP: 0/11
  3681 | D:3      | Reached skill level 7 in Necromancy
  3849 | D:4      | Found a burning altar of Makhleb.
  3849 | D:4      | Noticed a cacodemon
  3860 | D:4      | Learned a level 3 spell: Regeneration
  3865 | D:4      | Noticed an orange demon
  3865 | D:4      | Noticed a hellwing
  4796 | D:5      | Entered Level 5 of the Dungeon
  5093 | D:3      | Lost dexterity.
  5134 | D:3      | HP: 2/41 [quasit (1)]
  5145 | D:3      | HP: 2/41 [quasit (1)]
  5155 | D:3      | Slain by a quasit

Skill      XL: |  1  2  3  4  5  6 |
---------------+-------------------+-----
Necromancy     | 5 6 7 |  7.3
Spellcasting   | 3 |  3.8
Dodging        | 2 |  2.4
Stealth        | |  1.9
Charms         | |  0.3

Action                   |  1- 3 |  4- 6 || total
-------------------------+-------+-------++-------
Melee: Dagger            |    19 |   170 ||   189
 Cast: Pain              |    60 |   145 ||   205
       Regeneration      |       |     4 ||     4
  Use: Potion            |       |     1 ||     1
  Eat: Chunk             |     3 |    11 ||    14
Armor: Robe              |     3 |   485 ||   488
Dodge: Dodged            |    17 |   372 ||   389
